Map: Stasis LE

Players

Marsman - Winner!

  • Race: Protoss Protoss
  • League: Grandmaster
  • Spawn Location: 11:00

Djorjx

  • Race: Terran Terran
  • League: Grandmaster
  • Spawn Location: 1:00

Event: DSCL Nationals 2018 - Finals

VOD

Have the link to the VOD?

Description

Time

  • Played on: Dec. 1, 2018, 7:44 a.m.
  • Length: 5:10

All games in this series

Show
View Real Time Build Order
Export as new Build Order

Marsman Protoss - Winner!

Build Orders: 1 Gate Expand, Dark Templar Rush 

Get SALT Encoding   

  12  0:00  Probe  
  13  0:12  Probe  
  14  0:19  Pylon  
  14  0:24  Probe  
  15  0:37  Probe  
  15  0:38  Gateway  
  16  0:45  Probe  
  16  0:46  Assimilator  
  17  0:54  Probe  
  18  1:06  Probe  
  19  1:19  Probe  
  20  1:28  Nexus  
  20  1:39  Cybernetics Core  
  20  1:40  Probe  
  20  1:46  Assimilator  
  21  1:52  Probe  
  22  1:56  Pylon  
  22  2:04  Probe  
  22  2:06  Adept  
  23  2:17  Probe  
  23  2:20  Warp Gate  
  26  2:26  Twilight Council  
  26  2:29  Probe  
  28  2:41  Probe x2  
  28  2:51  Adept  
  28  2:52  Pylon  
  28  2:53  Probe  
  28  2:56  Probe  
  31  3:05  Probe x2  
  33  3:12  Dark Shrine  
  34  3:17  Probe  
  35  3:22  Probe  
  36  3:28  Gateway  
  36  3:32  Gateway  
  36  3:33  Probe  
  37  3:36  Probe  
  38  4:02  Stalker  
  37  4:10  Probe  
  37  4:11  Probe  
  39  4:17  Pylon  
  39  4:18  Probe  
  39  4:19  Probe  
  41  4:26  Probe  
  41  4:27  Probe  
  42  4:36  Pylon  
  42  4:37  Dark Templar  
  42  4:38  Probe, Dark Templar  
  45  4:39  Probe  
  49  4:46  Assimilator  
  49  4:47  Assimilator  
  49  4:50  Probe  
  50  5:00  Robotics Facility  
Show
View Real Time Build Order
Export as new Build Order

Djorjx Terran 

Build Orders: Reaper Expand 

Get SALT Encoding   

  12  0:00  SCV  
  13  0:12  SCV  
  14  0:17  Supply Depot  
  14  0:25  SCV  
  15  0:39  SCV  
  15  0:41  Barracks  
  16  0:45  Refinery  
  16  0:51  SCV  
  17  1:03  SCV  
  18  1:15  SCV  
  19  1:28  Orbital Command, Reaper  
  20  1:44  Command Center  
  20  1:49  Refinery  
  21  1:54  SCV  
  21  2:00  Reaper  
  22  2:04  Supply Depot  
  22  2:07  SCV  
  23  2:21  Factory  
  23  2:25  SCV  
  24  2:35  Barracks Tech Lab  
  24  2:38  SCV  
  25  2:45  Barracks  
  25  2:50  SCV  
  26  3:00  Barracks  
  26  3:02  SCV  
  26  3:03  Barracks Reactor  
  27  3:10  Orbital Command  
  27  3:15  Cyclone  
  27  3:18  SCV  
  31  3:30  SCV  
  31  3:32  Barracks Tech Lab  
  32  3:36  SCV  
  32  3:39  Supply Depot  
  33  3:42  SCV  
  33  3:43  Marine  
  33  3:45  Marine  
  33  3:47  Hellion  
  38  3:49  SCV  
  38  3:54  Marine x2, SCV  
  42  4:01  SCV  
  43  4:03  Marine  
  43  4:07  SCV  
  45  4:13  SCV  
  46  4:17  Starport, Marine  
  46  4:19  SCV  
  46  4:23  Factory Reactor  
  48  4:25  Marine  
  48  4:26  SCV  
  48  4:30  Engineering Bay  
  48  4:31  SCV  
  52  4:38  Marine, Refinery, SCV  
  52  4:43  SCV  
  54  4:57  Supply Depot, Bunker  
Tags
 
Add a new tag
Caveats
  • Supply blocks, unpowered buildings, or Contaminate may cause inaccurate times.
  • Supply counts are checked every 10 seconds.